 Dungeon Crawl Stone Soup version 0.31-a0-1576-ga3383bade6 (webtiles) character file.

Game seed: 3638571139320044089

29348 Atlas the Grappler (level 13, -3/96 HPs)
             Began as a White Draconian Shapeshifter on Jan 4, 2024.
             Was an Initiate of Gozag.
             Slain by a troll (5 damage)
             ... on level 13 of the Dungeon.
             The game lasted 00:25:00 (17776 turns).

Atlas the Grappler (White Draconian Shapeshifter)  Turns: 17776, Time: 00:25:01

Health: -3/96      AC: 12    Str: 21    XL:     13   Next: 14%
Magic:  13/13      EV: 14    Int: 11    God:    Gozag
Gold:   124        SH:  0    Dex: 11    Spells: 12/12 levels left

rFire   . .          .
                       - Unarmed
rCold   + . .        s - melded +0 tower shield
rNeg    . . .        (body armour unavailable)
rPois   .            (helmet restricted)
rElec   .            (no cloak)
rCorr   .            (gloves currently unavailable)
SInv    .            (no boots)
Will    .....        X - amulet of regeneration
Stlth   +            l - +4 ring of protection
HPRegen 1.16/turn    U - +4 ring of slaying
MPRegen 0.13/turn

%: no passive effects
@: confused, blade hands, ambrosia-drunk
A: breathe frost, AC +8, unfitting armour, cold resistance 1, cold-blooded
a: Breathe Frost, Begin Untransformation, Renounce Religion, Potion Petition,
Call Merchant, Bribe Branch


You were on level 13 of the Dungeon.
You worshipped Gozag.
Gozag was aware of your devotion.
You had blades for hands.
You visited 1 branch of the dungeon, and saw 14 of its levels.
You also visited: Sewer.

You collected 3384 gold pieces.
You spent 282 gold pieces at shops.
You paid 2978 gold pieces to Gozag.

Inventory:

Missiles
 k - 23 poisoned darts
 p - an atropa-tipped dart
 M - a curare-tipped dart
 O - a throwing net
Armour
 s - a +0 tower shield (melded)
Jewellery
 l - a +4 ring of protection (left blade hand)
 m - a ring of protection from fire
 t - a +4 ring of protection
 x - a +6 ring of strength
 B - a ring of resist corrosion
 G - a ring of willpower
 R - a +6 ring of dexterity
 T - a ring of see invisible
 U - a +4 ring of slaying (right blade hand)
 X - an amulet of regeneration (around neck)
Talismans
 b - a beast talisman
 c - a flux talisman
 L - a blade talisman (active)
Wands
 J - a wand of mindburst (16)
 K - a wand of light (1)
 N - a wand of charming (10)
 Q - a wand of polymorph (5)
Scrolls
 d - 6 scrolls of teleportation
 f - 6 scrolls of immolation
 h - a scroll of blinking
 j - 5 scrolls of amnesia
 n - 3 scrolls of brand weapon
 o - 3 scrolls of fear
 r - 2 scrolls of revelation {unknown}
 u - 5 scrolls of fog
 y - 4 scrolls of enchant weapon
 z - a scroll of noise
 A - a scroll of vulnerability {unknown}
 C - 5 scrolls of poison
 F - 2 scrolls of silence {unknown}
 V - a scroll of enchant armour {unknown}
Potions
 e - 5 potions of curing
 g - 4 potions of haste
 i - 2 potions of might
 q - 3 potions of cancellation {unknown}
 v - 4 potions of enlightenment
 w - a potion of ambrosia
 D - a potion of magic {unknown}
 E - 2 potions of mutation
 H - 5 potions of brilliance
 I - a potion of attraction {unknown}
 P - a potion of degeneration {unknown}
 W - a potion of berserk rage {unknown}
Miscellaneous
 a - a sack of spiders (inert)


   Skills:
 + Level 4.2 Fighting
 + Level 3.8 Throwing
 + Level 8.2 Dodging
 - Level 5.5 Stealth
 + Level 9.7 Shields
 + Level 13.4 Unarmed Combat
 - Level 0.6 Evocations
 + Level 10.1 Shapeshifting


You had 12 spell levels left.
You didn't know any spells.
Your spell library contained the following spells:

 Spells                   Type           Power      Damage    Failure   Level
 Sting                    Conj/Alch      0%         1d3       34%         1
 Mercury Vapours          Alch/Air       0%         N/A       47%         2
 Gell's Gravitas          Tloc           0%         N/A       71%         3
 Stone Arrow              Conj/Erth      0%         3d7       71%         3
 Summon Ice Beast         Ice/Summ       0%         N/A       71%         3
 Teleport Other           Tloc           0%         N/A       71%         3
 Tukima's Dance           Hex            0%         N/A       71%         3
 Olgreb's Toxic Radiance  Alch           0%         N/A       98%         4
 Passage of Golubria      Tloc           0%         N/A       98%         4
 Alistair's Intoxication  Alch           0%         N/A       100%        5
 Borgnjor's Vile Clutch   Necr/Erth      0%         N/A       100%        5
 Summon Forest            Summ/Tloc      0%         N/A       100%        5
 Summon Mana Viper        Hex/Summ       0%         N/A       100%        5
 Yara's Violent Unravell  Hex/Alch       0%         3d3       100%        5
 Dispersal                Tloc           0%         N/A       100%        6
 Eringya's Noxious Bog    Alch           0%         4d6       100%        6
 Summon Cactus Giant      Summ           0%         N/A       100%        6
 Monstrous Menagerie      Summ           0%         N/A       100%        7
 Lehudib's Crystal Spear  Conj/Erth      0%         10d2      100%        8
 Animate Armour           Summ/Erth      Unusable   N/A       N/A         4

Dungeon Overview and Level Annotations

Branches:
Dungeon (14/15)            Temple (0/1) D:7            Lair (0/5) D:8
    Orc (0/2) D:10          Sewer (visited)
 Vaults: D:13-14

Altars:
Ashenzari
Cheibriados
Dithmenos
Gozag
Kikubaaqudgha
Nemelex Xobeh
Okawaru
Qazlal
Ru
Sif Muna
Vehumet
Wu Jian
Xom
Lugonu

Shops:
D:1 [   D:2 !   D:4 =   D:5 :   D:9 *!   D:10 [(   D:13 =

Annotations:
D:10 1 transporter
D:13 2 transporters, Strewth's ghost, journeyman MiBe


Innate Abilities, Weirdness & Mutations

You have blades for hands.
You are incapable of wielding weapons or throwing items.
You can breathe waves of freezing cold which knock back foes.
Your icy white scales are hard. (AC +8)
You cannot fit into any form of body armour.
Your flesh is cold resistant. (rC+)
You are cold-blooded and may be slowed by cold attacks.


Message History

t - a +4 ring of protection
Items here: ( ) [[.
You start resting.
HP restored.
You start waiting.
Done waiting.
There is a stone staircase leading down here.
Okay, then.
Unknown command.
You climb downwards.
The troll misses you. The troll closely misses you.
The troll claws you but does no damage.
The two-headed ogre hits you with a +0 giant spiked club.
The two-headed ogre hits you with a +0 giant club!!
The troll bites you but does no damage. The troll claws you!
The troll misses you.
There is a stone staircase leading up, spattered with blood here.
Things that are here:
a +3 dire flail; a +0 giant club The two-headed ogre closely misses you.
The two-headed ogre hits you with a +0 giant club.
The tengu conjurer casts a spell at you.
The bolt of lightning hits you!! The troll bites you.
The troll completely misses you. The troll closely misses you.
You hear a shout! x2
You climb upwards.
Level annotation: 2 transporters, Strewth's ghost, journeyman MiBe
There is a stone staircase leading down here.
You barely miss the two-headed ogre. The troll bites you.
The troll closely misses you. The troll claws you!
* * * LOW HITPOINT WARNING * * *
Unknown command.
You are confused.
You feel invigorated.
The two-headed ogre hits you with a +0 giant spiked club!!
* * * LOW HITPOINT WARNING * * *
The two-headed ogre barely misses you. The troll bites you!
* * * LOW HITPOINT WARNING * * *
The troll closely misses you. The troll claws you.
You die...
Your body crumbles into a pile of gold.

~~~~~~~~~~.####~~~~##
#.###...
~~~~~~~~~#...###~~##
#.# #.#. ..~~~~~~####.#
##.########.###.#.
..~~~~~##
##.###........#......#.
..#~~~##
#........####....######
..##~## #........#
#####..#### ..####
#....(########=(#..#..#
..#
#.....####...#..'..'..#
..#
#.....@O.....##'#..#'##
..#
#....T#########........
..# #.....# #........
..# #.....# ##'#..#'##
### #.....# #|[+..'.)#
#.....# #([####..#
#.....# #### ####
#######


You could see a two-headed ogre and a troll.

Vanquished Creatures
  An entropy weaver (shapeshifter) (D:13)
  2 hydras (D:13)
  2 centaur warriors (D:14)
  3 boulder beetles
  2 two-headed ogres (D:14)
  2 tengu warriors
  Lodul (D:14)
  Pikel (D:9)
  An arcanist (D:13)
  A necromancer (D:14)
  2 deep elf pyromancers
  6 ugly things
  2 manticores
  3 meliai (D:14)
  4 cyclopes
  Joseph (D:8)
  2 gargoyles
  2 unseen horrors
  A kobold demonologist (D:11)
  An efreet (D:14)
  5 trolls
  2 hornets
  Grinder (D:3)
  6 slime creatures
  5 water elementals (D:13)
  14 yaks
  A shadow (D:9)
  Grum (D:11)
  3 wraiths
  A hog (shapeshifter) (D:13)
  A steam dragon (D:9)
  10 vampire mosquitoes
  Menkaure (D:4)
  2 acid dragons
  2 water moccasins
  An ice beast (D:7)
  6 orc warriors
  A sky beast (D:7)
  2 black bears (D:6)
  2 centaurs (D:7)
  4 ogres
  3 wolves (D:11)
  A lemure (D:9)
  6 kobold brigands
  2 gnoll sergeants (D:9)
  2 brain worms (Sewer)
  3 bullfrogs
  A scorpion (D:5)
  3 killer bees (D:9)
  7 electric eels
  4 howler monkeys
  A jelly (D:6)
  3 orc priests
  5 hounds
  2 sleepcaps
  4 iguanas
  6 orc wizards
  9 gnolls (D:9)
  9 adders
  A river rat (D:6)
  A white imp (D:6)
  2 ufetubi (D:6)
  2 ribbon worms
  6 dart slugs
  21 orcs
  18 ball pythons
  6 bats
  6 endoplasms
  6 giant cockroaches
  9 hobgoblins
  9 jackals
  27 kobolds
  6 quokkas
  13 frilled lizards
  6 goblins
  16 rats
337 creatures vanquished.

Notes
Turn   | Place    | Note
-------+----------+-------------------------------------------
     0 | D:1      | Atlas the Draconian Shapeshifter began the quest for the
                  | Orb.
     0 | D:1      | Reached XP level 1. HP: 16/16 MP: 1/1
    54 | D:1      | Found a faded altar of an unknown god.
   146 | D:1      | Reached XP level 2. HP: 23/23 MP: 2/2
   263 | D:1      | Reached XP level 3. HP: 27/28 MP: 3/3
   429 | D:1      | Found Maav's Antique Armour Shoppe.
   745 | D:2      | Found an opulent altar of Gozag.
   755 | D:2      | Became a worshipper of Gozag Ym Sagoz the Greedy
   829 | D:2      | Reached XP level 4. HP: 34/35 MP: 4/4
   879 | D:2      | Reached skill level 4 in Unarmed Combat
   987 | D:2      | Found Zoan's Distillery.
   996 | D:2      | Bought a potion of curing for 42 gold pieces
  1863 | D:3      | Noticed Grinder
  1889 | D:3      | Killed Grinder
  1890 | D:3      | Reached skill level 1 in Stealth
  1890 | D:3      | Reached skill level 5 in Unarmed Combat
  1890 | D:3      | Reached XP level 5. HP: 18/40 MP: 5/5
  1890 | D:3      | Reached XP level 6. HP: 21/47 MP: 6/6
  2108 | D:3      | Found a radiant altar of Vehumet.
  2392 | D:4      | Noticed Menkaure
  2679 | D:4      | Killed Menkaure
  2680 | D:4      | Reached skill level 6 in Unarmed Combat
  2680 | D:4      | Your scales start taking on an icy white colour.
  2680 | D:4      | Reached XP level 7. HP: 19/52 MP: 7/7
  2680 | D:4      | Gained mutation: Your flesh is cold resistant. (rC+) [White
                  | Draconian growth]
  3047 | D:4      | Found a shimmering blue altar of Sif Muna.
  3291 | D:4      | Found Lius Yva's Jewellery Emporium.
  3321 | D:5      | Entered Level 5 of the Dungeon
  3331 | D:5      | Reached skill level 7 in Unarmed Combat
  3397 | D:5      | Found Vetes's Book Shoppe.
  3941 | D:5      | Found an ancient bone altar of Kikubaaqudgha.
  4252 | D:6      | Reached XP level 8. HP: 61/61 MP: 8/8
  4273 | D:6      | Reached skill level 1 in Shields
  4403 | D:6      | Found a glowing drain.
  4407 | Sewer    | Entered a sewer
  4962 | D:6      | Reached skill level 8 in Unarmed Combat
  5535 | D:6      | Found a sparkling altar of Nemelex Xobeh.
  5745 | D:7      | Found a staircase to the Ecumenical Temple.
  6237 | D:7      | Found a stormy altar of Qazlal.
  6293 | D:7      | Noticed a hornet
  6300 | D:7      | Paralysed by a hornet for 2 turns
  6307 | D:7      | Killed a hornet
  6308 | D:7      | Reached XP level 9. HP: 29/68 MP: 9/9
  6460 | D:7      | Found a shimmering altar of Xom.
  6554 | D:8      | Noticed Joseph
  6562 | D:8      | Killed Joseph
  6563 | D:8      | Reached skill level 5 in Dodging
  6563 | D:8      | Reached skill level 9 in Unarmed Combat
  6563 | D:8      | Reached skill level 5 in Shapeshifting
  7058 | D:8      | Found a staircase to the Lair.
  7084 | D:8      | Found an iron altar of Okawaru.
  7480 | D:9      | Reached skill level 5 in Shields
  8022 | D:9      | Found a snail-covered altar of Cheibriados.
  8026 | D:9      | Found an ornate altar of the Wu Jian Council.
  8063 | D:9      | Reached XP level 10. HP: 57/74 MP: 10/10
  8309 | D:9      | Paralysed by a hornet for 2 turns
  8317 | D:9      | Reached skill level 10 in Unarmed Combat
  8424 | D:9      | Found a shadowy altar of Dithmenos.
  8505 | D:9      | Bought a potion of haste for 160 gold pieces
  8505 | D:9      | Bought a potion of heal wounds for 80 gold pieces
  8761 | D:9      | Found a sacrificial altar of Ru.
  8810 | D:9      | Noticed Pikel
  8835 | D:9      | Killed Pikel
  9442 | D:10     | Entered Level 10 of the Dungeon
  9466 | D:10     | Found a broken altar of Ashenzari.
  9559 | D:10     | Reached skill level 1 in Throwing
 10020 | D:10     | Reached skill level 11 in Unarmed Combat
 10027 | D:10     | Found Neogihisk's Weapon Shop.
 10031 | D:10     | Found a staircase to the Orcish Mines.
 10033 | D:10     | Found Jaidon's Armour Shop.
 10146 | D:10     | Found a transporter.
 10146 | D:10     | Noticed a thrashing horror
 10147 | D:10     | Noticed a large abomination
 10148 | D:10     | Found a corrupted altar of Lugonu.
 10209 | D:11     | Noticed a cyclops
 10219 | D:11     | Killed a cyclops
 10220 | D:11     | Reached XP level 11. HP: 33/82 MP: 11/11
 10955 | D:11     | Noticed Grum
 10970 | D:11     | Killed Grum
 11484 | D:12     | Noticed a boulder beetle
 11562 | D:12     | Reached skill level 5 in Stealth
 11793 | D:12     | Killed a boulder beetle
 12158 | D:12     | Reached skill level 12 in Unarmed Combat
 12447 | D:12     | Noticed a deep elf pyromancer
 12572 | D:12     | Killed a deep elf pyromancer
 13615 | D:13     | Noticed a boulder beetle
 13635 | D:13     | Killed a boulder beetle
 13783 | D:13     | Noticed a five-headed hydra
 13785 | D:13     | Reached XP level 12. HP: 42/91 MP: 12/12
 13791 | D:13     | an unseen horror changed into an entropy weaver
 13791 | D:13     | Noticed an entropy weaver (shapeshifter)
 13798 | D:13     | Killed a five-headed hydra
 13806 | D:13     | Killed an entropy weaver
 14209 | D:13     | Noticed a tengu warrior
 14209 | D:13     | Noticed an eight-headed hydra
 14415 | D:13     | Noticed a boulder beetle
 14455 | D:13     | Killed a boulder beetle
 14788 | D:13     | Reached skill level 13 in Unarmed Combat
 15582 | D:13     | Found a transporter.
 15583 | D:13     | Noticed Strewth's ghost (journeyman MiBe)
 15584 | D:13     | Found a transporter.
 15812 | D:13     | Killed an eight-headed hydra
 16870 | D:14     | Noticed a centaur warrior
 17100 | D:14     | Killed a centaur warrior
 17195 | D:14     | Noticed Lodul
 17207 | D:14     | Killed Lodul
 17207 | D:14     | Noticed a centaur warrior
 17426 | D:14     | Noticed a two-headed ogre
 17426 | D:14     | Noticed a two-headed ogre
 17426 | D:14     | Noticed a two-headed ogre
 17426 | D:14     | Noticed a centaur warrior
 17426 | D:14     | Noticed a two-headed ogre
 17457 | D:14     | Killed a centaur warrior
 17478 | D:14     | Killed a two-headed ogre
 17479 | D:14     | Reached XP level 13. HP: 96/96 MP: 13/13
 17534 | D:14     | Reached skill level 10 in Shapeshifting
 17776 | D:13     | HP: 2/96 [troll (9)]
 17776 | D:13     | Slain by a troll

Illustrated notes

Levels and vault maps discovered:
D:1:      dpeg_arrival_shrine, layout_loops_ring, serial_shops,
          nicolae_diamond_shop, hellmonk_ecumenical_altar_heavens_door
D:2:      layout_basic, serial_shops, shop, basic_altar,
          minmay_fractal_squares_gapless_5
D:3:      layout_rooms, overflow_temple_1_default, uniq_grinder
D:4:      layout_cave_pools, overflow_temple_1_default, serial_shops, shop,
          uniq_menkaure
D:5:      layout_loops_ring, amcnicky_altar_gilded, serial_shops, shop
D:6:      layout_basic, mainiacjoe_overflow_catwalk,
          mainiacjoe_sewer_entry_somewhere_in_here_2, kennysheep_generic_room_9
D:7:      layout_loops_ring, lemuel_coloured_pillars_altar,
          nicolae_qazlal_beasts_of_the_sky, minmay_temple_entry_tees
D:8:      layout_loops_ring, okawaru_metal_pillars_1_2, lair_entry_dummy,
          uniq_joseph
D:9:      layout_stronghold, grunt_dithmenos_shadows,
          mainiacjoe_overflow_brackets, nicolae_overflow_squiral, minivault_14,
          uniq_pikel
D:10:     gammafunk_corrupted_shrine, layout_loops_cross,
          cheibrodos_ashenzari_chains, orc_david_3
D:11:     layout_basic, uniq_grum
D:12:     layout_long_grid, minmay_misc_feat_iff, nrook_uturn,
          chequers_serial_rivers_micro_a
D:13:     layout_basic, gammafunk_ghost_hive, minivault_10,
          dreamdust_princess_bridge, nrook_loot_triangle, serial_bayou_pond_a
D:14:     layout_cave_pools, david_vaults_1, uniq_lodul

Skill      XL: |  1  2  3  4  5  6  7  8  9 10 11 12 13 |
---------------+----------------------------------------+-----
Dodging        | 2 3 4 5 6 7 8 |  8.2
Unarmed Combat | 5 6 7 8 9 11 12 13 | 13.4
Stealth        | 1 3 4 5 |  5.5
Shapeshifting  | 4 5 6 9 10 | 10.1
Fighting       | 2 3 4 |  4.2
Shields        | 3 6 7 8 9 |  9.7
Throwing       | 2 3 |  3.8
Evocations     | |  0.6

Action                     |  1- 3 |  4- 6 |  7- 9 | 10-12 | 13-15 || total
---------------------------+-------+-------+-------+-------+-------++-------
  Melee: Unarmed           |   107 |   145 |   370 |   545 |    35 ||  1202
         Tailslap          |     5 |    17 |    37 |    92 |     6 ||   157
         Punch             |       |     4 |       |       |       ||     4
  Throw: Dart              |       |       |     1 |    66 |       ||    67
         Throwing net      |       |       |       |     2 |       ||     2
 Invoke: Call Merchant     |       |       |       |     3 |       ||     3
         Potion Petition   |       |       |       |     1 |       ||     1
Ability: Breathe Frost     |       |       |     5 |     3 |       ||     8
  Evoke: Wand              |       |       |       |     8 |       ||     8
         Sack of spiders   |       |       |       |     1 |       ||     1
    Use: Scroll            |       |       |     5 |    12 |       ||    17
         Potion            |       |       |     2 |    17 |     1 ||    20
   Stab: Sleeping          |     2 |     1 |     7 |     7 |       ||    17
         Invisible         |       |       |     2 |     1 |       ||     3
         Distracted        |       |       |       |     2 |       ||     2
         Held in net/web   |       |       |       |     1 |       ||     1
 Armour: Skin              |    45 |    83 |   187 |   353 |    52 ||   720
  Dodge: Dodged            |    71 |    81 |   122 |   178 |    29 ||   481
  Block: Tower shield      |       |       |   277 |   435 |    26 ||   738
   Form: Blade             |       |       |       |     1 |     1 ||     2
         Beast             |       |       |       |     1 |       ||     1
         Flux              |       |       |       |     1 |       ||     1

Table legend: (Time is in decaauts)
 A = Elapsed time spent in this place.
 B = Non-inter-level travel time spent in this place.
 C = Inter-level travel time spent in this place.
 D = Time resting spent in this place.
 E = Time spent auto-exploring this place.
 F = Levels seen in this place.
 G = Mean time per level.
                   A        B        C        D        E       F      G
               +--------+--------+--------+--------+--------+-----+--------+
         Total |  17957 |  17517 |    440 |   2532 |  11919 |  15 | 1197.1 |
       Dungeon |  17380 |  16940 |    440 |   2530 |  11546 |  14 | 1241.4 |
         Sewer |    577 |    577 |      0 |      2 |    373 |   1 |  577.0 |
               +--------+--------+--------+--------+--------+-----+--------+

Top non-repeatable levels by time:
    D:13: 3352 daAuts
     D:9: 2010 daAuts
    D:12: 1891 daAuts
    D:11: 1641 daAuts
     D:2: 1043 daAuts
     D:6: 1031 daAuts
     D:8: 956 daAuts
     D:5: 842 daAuts
     D:3: 831 daAuts
     D:7: 822 daAuts
    D:14: 766 daAuts
    D:10: 764 daAuts
     D:4: 728 daAuts
     D:1: 698 daAuts
   Sewer: 577 daAuts
